 Dungeon Crawl Stone Soup version 0.30-a0-219-gf2db51d15e (webtiles) character file.

Game seed: 2845865714308578736

11476 timneilson the Protected (level 11, -6/67 HPs)
             Began as a Gargoyle Fighter on Oct 6, 2022.
             Was a High Priest of Okawaru.
             Killed by divine providence
             ... invoked by a balrug
              (11 damage)
             ... on level 2 of the Abyss.
             The game lasted 00:26:50 (10070 turns).

timneilson the Protected (Gargoyle Fighter)        Turns: 10070, Time: 00:26:50

Health: -6/67      AC: 27    Str: 23    XL:     11   Next: 78%
Magic:  15/15      EV:  9    Int: 10    God:    Okawaru [*****.]
Gold:   1796       SH: 17    Dex: 15    Spells: 10/10 levels left

rFire   . . .      SeeInvis .    D - +1 scimitar
rCold   + . .      Faith    .    t - +1 kite shield
rNeg    + . .      Spirit   .    I - +0 shadow dragon scales
rPois   ∞          Reflect  +    f - +0 helmet
rElec   +          Harm     .    (no cloak)
rCorr   .          Rampage  .    (no gloves)
Will    .....                    G - +0 pair of boots
Stlth   ++........               h - amulet of reflection
HPRegen 0.31/turn                z - ring of protection from cold
MPRegen 0.14/turn                u - +6 ring of dexterity

@: no status effects
A: sickness immunity, AC +8, negative energy resistance 1, electricity
resistance, torment resistance 1, petrification resistance
a: Renounce Religion, Heroism, Finesse, Duel


You were on level 2 of the Abyss.
You worshipped Okawaru.
Okawaru was extremely pleased with you.
You visited 2 branches of the dungeon, and saw 11 of its levels.
You visited the Abyss 1 time.
You also visited: Bailey.

You collected 1796 gold pieces.

Inventory:

Hand Weapons
 a - a +0 long sword
 C - a +1 hand axe of flaming
 D - a +1 scimitar (weapon)
Missiles
 A - 2 throwing nets (quivered)
Armour
 f - a +0 helmet (worn)
 t - a +1 kite shield (worn)
 G - a +0 pair of boots (worn)
 I - +0 shadow dragon scales (worn)
Jewellery
 e - a ring of fire
 g - a ring of protection from fire
 h - an amulet of reflection (around neck)
 u - a +6 ring of dexterity (right hand)
 w - a +4 ring of protection
 x - a ring of ice
 y - a ring of ice
 z - a ring of protection from cold (left hand)
Wands
 i - a wand of digging (7)
 H - a wand of acid (4)
Scrolls
 b - 2 scrolls of enchant weapon
 c - 3 scrolls of magic mapping
 d - a scroll of fear
 j - a scroll of enchant armour
 o - 3 scrolls of teleportation
 s - a scroll of fog
 E - a scroll of blinking {unknown}
 F - 3 scrolls of identify
Potions
 k - 2 potions of cancellation
 l - 3 potions of lignification
 m - 3 potions of brilliance
 n - a potion of invisibility
 p - 2 potions of curing
 q - 4 potions of attraction
 r - a potion of magic
 B - 2 potions of flight


   Skills:
 + Level 7.4 Fighting
 * Level 8.2 Long Blades
 * Level 10.2 Armour
 + Level 5.0 Dodging
 * Level 10.1 Shields
 + Level 6.1 Invocations
 + Level 1.5 Evocations


You had 10 spell levels left.
You didn't know any spells.
Your spell library contained the following spells:

 Spells                   Type           Power      Damage    Failure   Level
 Poisonous Vapours        Pois/Air       0%         N/A       100%        2
 Static Discharge         Conj/Air       0%         2-2/arc   100%        2
 Frozen Ramparts          Ice            0%         1d1       100%        3
 Mephitic Cloud           Conj/Pois/Air  0%         N/A       100%        3
 Ozocubu's Armour         Ice            0%         N/A       100%        3
 Vhi's Electric Charge    Tloc/Air       0%         N/A       100%        3
 Ice Form                 Ice/Tmut       0%         N/A       100%        4
 Arcjolt                  Conj/Air       0%         1d10      100%        5
 Lightning Bolt           Conj/Air       0%         1d11      100%        5
 Ozocubu's Refrigeration  Ice            0%         4d7       100%        7
 Cigotuvi's Dreadful Rot  Necr/Pois/Air  Unusable   N/A       N/A         2
 Summon Ice Beast         Ice/Summ       Unusable   N/A       N/A         4

Dungeon Overview and Level Annotations

Branches:
Dungeon (10/15)            Temple (1/1) D:4             Orc (0/2) D:10
 Bailey (visited)
   Lair: D:8-11

Altars:
Ashenzari
Cheibriados
Dithmenos
Elyvilon
Fedhas
Gozag
Hepliaklqana
Kikubaaqudgha
Makhleb
Nemelex Xobeh
Okawaru
Qazlal
Ru
Sif Muna
Trog
Uskayaw
Vehumet
Wu Jian
Xom
Yredelemnul
Zin
The Shining One

Shops:
D:7 (

Annotations:
D:6 2 transporters, NinjaNoafa's ghost, novice TrMo


Innate Abilities, Weirdness & Mutations

You are immune to sickness and miasma.
Your stone body is resilient. (AC +8)
You are immune to poison.
You resist negative energy. (rN+)
You are resistant to electric shocks. (rElec)
You are resistant to unholy torment.
You are immune to petrification.


Message History

Your unstable footing causes you to fumble your attack.
The wizard casts a spell.
The wizard blinks!
F - 3 scrolls of identify (gained 1)
You block the wizard's attack.
You barely miss the wizard. The wizard casts a spell at you.
You resist with significant effort.
You barely miss the wizard.
The wizard splashes around in the water.
You closely miss the wizard. The wizard completely misses you.
You hit the wizard but do no damage. The wizard hits you but does no damage.
You hit the wizard.
The wizard is lightly wounded.
The wizard points at you and mumbles some strange words.
You are cast into the Abyss!
This branch contains the abyssal rune of Zot.
A ynoxinul comes into view. 4 sun demons come into view.
Unknown command.
The sun demon shouts! x3; The ynoxinul bellows!
The sun demon shouts!
The sun demon attacks as you move away! You block the sun demon's attack.
The sun demon attacks as you move away! The sun demon hits you!
You are engulfed in flames!
A hell hound comes into view.
The hell hound bites you. The sun demon barely misses you.
The balrug gestures at you.
The bolt of fire hits the sun demon.
The sun demon completely resists.
The bolt of fire hits the sun demon.
The sun demon completely resists.
The bolt of fire hits you!!
You closely miss the hell hound. You block the hell hound's attack.
The sun demon hits you!
You are engulfed in flames!
* * * LOW HITPOINT WARNING * * *
The hell hound bites you but does no damage.
You hit the hell hound.
The hell hound is lightly wounded.
A sixfirhy comes into view.
The balrug gestures at you. Something smites you!
You die...

####
##3@#
###3##h.#
#32##
.....
#3###
.3#### ..
... #.#
#.## # ##


You could see a balrug, 4 sun demons, a sixfirhy (wandering) and a hell hound.

Vanquished Creatures
  An orc warlord (Bailey)
  A two-headed ogre (D:8)
  5 ugly things (D:10)
  Maggie (D:9)
  A gargoyle (D:8)
  An unseen horror (D:10)
  A troll (D:9)
  A shadow (D:9)
  16 yaks
  Eustachio (D:6)
  2 acid dragons (D:9)
  A water moccasin (D:6)
  Duvessa (D:7)
  2 ice beasts (D:7)
  8 orc warriors
  2 sky beasts (D:7)
  3 black bears
  2 ogres
  4 centaurs
  2 phantoms (D:6)
  2 kobold brigands
  2 bullfrogs
  A gnoll sergeant (D:8)
  A necrophage (D:7)
  2 scorpions (D:5)
  7 wights
  Dowan (D:7)
  An electric eel (D:7)
  5 howler monkeys
  2 hounds
  A jelly (D:3)
  4 orc priests
  Jessica (D:2)
  Natasha (thrice) (D:2)
  4 iguanas
  6 orc wizards
  Robin (D:2)
  11 gnolls
  3 adders
  2 white imps (D:6)
  An ufetubus (D:6)
  A worm (D:3)
  3 dart slugs
  30 orcs
  6 ball pythons
  6 bats
  4 endoplasms
  A giant cockroach (D:2)
  24 goblins
  18 hobgoblins
  5 jackals
  40 kobolds
  2 quokkas
  2 frilled lizards
  5 rats
264 creatures vanquished.

Vanquished Creatures (others)
  12 plants (D:9)
12 creatures vanquished.

Grand Total: 276 creatures vanquished

Notes
Turn   | Place    | Note
-------+----------+-------------------------------------------
     0 | D:1      | timneilson the Gargoyle Fighter began the quest for the
                  | Orb.
     0 | D:1      | Reached XP level 1. HP: 14/14 MP: 1/1
   353 | D:1      | Reached XP level 2. HP: 17/19 MP: 2/2
   957 | D:2      | Reached XP level 3. HP: 19/23 MP: 3/3
  1001 | D:2      | Noticed Robin
  1035 | D:2      | Killed Robin
  1136 | D:2      | Noticed Natasha
  1145 | D:2      | Killed Natasha
  1146 | D:2      | Reached XP level 4. HP: 19/28 MP: 4/4
  1212 | D:2      | Noticed Jessica
  1229 | D:2      | Killed Jessica
  1230 | D:2      | Reached skill level 1 in Dodging
  1465 | D:2      | Reached XP level 5. HP: 32/32 MP: 5/5
  1480 | D:2      | Noticed Natasha
  1538 | D:2      | Killed Natasha
  1661 | D:2      | Noticed Natasha
  1675 | D:2      | Killed Natasha
  2306 | D:3      | Reached XP level 6. HP: 8/38 MP: 6/6
  2459 | D:3      | Found a faded altar of an unknown god.
  2941 | D:4      | Reached skill level 5 in Armour
  3024 | D:4      | Found a staircase to the Ecumenical Temple.
  3034 | Temple   | Entered the Ecumenical Temple
  3098 | Temple   | Became a worshipper of Warmaster Okawaru
  3181 | D:4      | Found a broken altar of Ashenzari.
  3393 | D:4      | Identified a scroll of acquirement
  3393 | D:4      | Acquired a ring of protection from fire
  3412 | D:5      | Entered Level 5 of the Dungeon
  3433 | D:5      | Noticed a black bear
  3458 | D:5      | Killed a black bear
  3459 | D:5      | Reached skill level 5 in Shields
  3459 | D:5      | Reached XP level 7. HP: 15/43 MP: 7/7
  3675 | D:5      | Reached skill level 1 in Invocations
  4118 | D:5      | Reached * piety under Okawaru
  4327 | D:6      | Reached XP level 8. HP: 38/48 MP: 9/9
  4363 | D:6      | Found a sparkling altar of Nemelex Xobeh.
  4456 | D:6      | Found a transporter.
  4460 | D:6      | Noticed NinjaNoafa's ghost (novice TrMo)
  4474 | D:6      | Noticed a yak
  4503 | D:6      | Killed a yak
  4566 | D:6      | Noticed a yak
  4566 | D:6      | Noticed a yak
  4567 | D:6      | Noticed a yak
  4567 | D:6      | Noticed a yak
  4567 | D:6      | Noticed a yak
  4583 | D:6      | Noticed a yak
  4586 | D:6      | Killed a yak
  4590 | D:6      | Killed a yak
  4597 | D:6      | Killed a yak
  4597 | D:6      | Reached ** piety under Okawaru
  4598 | D:6      | Reached skill level 5 in Fighting
  4598 | D:6      | Reached skill level 5 in Long Blades
  4604 | D:6      | Killed a yak
  4605 | D:6      | Reached XP level 9. HP: 35/54 MP: 7/11
  4736 | D:6      | Found a transporter.
  4887 | D:6      | Noticed Eustachio
  4947 | D:6      | Killed Eustachio
  5565 | D:7      | Reached *** piety under Okawaru
  5566 | D:7      | Reached XP level 10. HP: 29/60 MP: 13/13
  6032 | D:7      | Found Exuaroer's Weapon Shoppe.
  6161 | D:7      | Noticed Duvessa
  6170 | D:7      | Noticed Dowan
  6183 | D:7      | Killed Duvessa
  6195 | D:7      | Killed Dowan
  6860 | D:8      | Noticed a two-headed ogre
  6876 | D:8      | Killed a two-headed ogre
  6876 | D:8      | Reached **** piety under Okawaru
  6929 | D:8      | Found a flagged portal.
  6947 | Bailey   | Entered a bailey
  6965 | Bailey   | Noticed an orc warlord
  7083 | Bailey   | Found a runed translucent gate.
  7084 | Bailey   | Found a runed translucent gate.
  7086 | Bailey   | Found a runed translucent gate.
  7170 | Bailey   | Killed an orc warlord
  7171 | Bailey   | Reached skill level 5 in Invocations
  7199 | Bailey   | Identified the +0 ring mail "Pyarghel" {Will+}
  7329 | D:8      | Acquired 1158 gold pieces
  7391 | D:8      | Reached ***** piety under Okawaru
  7392 | D:8      | Reached XP level 11. HP: 51/66 MP: 14/14
  8317 | D:9      | Noticed Maggie
  8336 | D:9      | Killed Maggie
  8867 | D:10     | Entered Level 10 of the Dungeon
  8958 | D:10     | Found a staircase to the Orcish Mines.
  9091 | D:10     | Found a basalt altar of Yredelemnul.
  9091 | D:10     | Found a glowing silver altar of Zin.
  9091 | D:10     | Found a glowing golden altar of the Shining One.
  9136 | D:10     | Noticed a brown ugly thing
  9702 | D:10     | Found an ancient bone altar of Kikubaaqudgha.
  9778 | D:10     | Noticed a white ugly thing
  9778 | D:10     | Noticed a white ugly thing
  9788 | D:10     | Noticed a purple ugly thing
  9798 | D:10     | Noticed a green ugly thing
  9806 | D:10     | Killed a purple ugly thing
  9807 | D:10     | Reached skill level 10 in Armour
  9807 | D:10     | Reached skill level 1 in Evocations
  9808 | D:10     | Killed a green ugly thing
  9815 | D:10     | Killed a white ugly thing
  9815 | D:10     | Identified the +2 robe of Midnight {rPois rF- Will+
                  | Archmagi} (Okawaru gifted it to you on level 10 of the
                  | Dungeon)
  9815 | D:10     | Received a gift from Okawaru
  9816 | D:10     | Reached skill level 10 in Shields
  9828 | D:10     | Killed a purple ugly thing
  9839 | D:10     | Killed a cyan ugly thing
  9840 | D:10     | Reached skill level 5 in Dodging
 10006 | D:10     | Noticed a wizard
 10021 | Abyss:2  | Cast into level 2 of the Abyss (a wizard)
 10063 | Abyss:2  | Noticed a balrug
 10063 | Abyss:2  | Noticed a sun demon
 10063 | Abyss:2  | Noticed a sun demon
 10063 | Abyss:2  | Noticed a sun demon
 10063 | Abyss:2  | Noticed a sun demon
 10070 | Abyss:2  | Noticed a sixfirhy
 10070 | Abyss:2  | Killed from afar by a balrug

Illustrated notes

Levels and vault maps discovered:
D:1:      beargit_arrival_diablo_church, layout_basic
D:2:      layout_loops_ring, minmay_pentomino_pile, uniq_natasha, uniq_jessica,
          uniq_robin
D:3:      layout_basic, shapermc_ecumenical_altar_venn
D:4:      layout_rooms, ashenzari_altar_1, minmay_temple_entry_glass
D:5:      layout_basic, kennysheep_generic_room_12
D:6:      layout_basic, mainiacjoe_overflow_catwalk, gammafunk_ghost_stat_death,
          st_stairs_5, uniq_eustachio
D:7:      layout_basic, serial_shops, nicolae_shop_trees,
          kennysheep_generic_room_2, uniq_duvessa
D:8:      layout_loops_ring, enter_bailey_3
D:9:      kennysheep_kobold_camp, layout_gridville, uniq_maggie
D:10:     cheibrodos_breeding_chamber, layout_gridville,
          overflow_temple_1_default, gammafunk_temple_overflow_claw, orc_0_dummy
Temple:   nicolae_temple_x_marks_the_god
Abyss:2:  base: D:8, base:
D:5

Skill      XL: |  1  2  3  4  5  6  7  8  9 10 11 |
---------------+----------------------------------+-----
Long Blades    | 2 3 4 5 6 7 8 |  8.2
Armour         | 4 5 6 8 9 10 | 10.2
Dodging        | 1 2 3 4 5 |  5.0
Shields        | 4 5 6 8 9 10 | 10.1
Fighting       | 4 5 6 7 |  7.4
Invocations    | 1 2 4 5 6 |  6.1
Evocations     | 1 |  1.5

Action                   |  1- 3 |  4- 6 |  7- 9 | 10-12 || total
-------------------------+-------+-------+-------+-------++-------
Melee: Long sword        |   105 |   262 |   353 |   115 ||   835
       Scimitar          |       |       |       |   526 ||   526
Invok: Heroism           |       |       |     6 |    16 ||    22
       Finesse           |       |       |       |     1 ||     1
  Use: Scroll            |     7 |     8 |     6 |     8 ||    29
       Potion            |       |     2 |     3 |     9 ||    14
 Stab: Invisible         |       |       |       |     2 ||     2
Armor: Scale mail        |    44 |   157 |   173 |    53 ||   427
       Plate armour      |       |       |       |   111 ||   111
       Shadow dragon sca |       |       |       |    57 ||    57
Dodge: Dodged            |    40 |   111 |   137 |   124 ||   412
Block: Buckler           |    54 |   153 |    31 |       ||   238
       Reflection        |       |     3 |     6 |    16 ||    25
       Kite shield       |       |       |   272 |   520 ||   792

Table legend: (Time is in decaauts)
 A = Elapsed time spent in this place.
 B = Non-inter-level travel time spent in this place.
 C = Inter-level travel time spent in this place.
 D = Time resting spent in this place.
 E = Time spent auto-exploring this place.
 F = Levels seen in this place.
 G = Mean time per level.
                   A        B        C        D        E       F      G
               +--------+--------+--------+--------+--------+-----+--------+
         Total |  10267 |  10077 |    190 |    195 |   6832 |  13 |  789.8 |
       Dungeon |   9891 |   9725 |    166 |    195 |   6748 |  10 |  989.1 |
        Temple |     74 |     50 |     24 |      0 |     44 |   1 |   74.0 |
         Abyss |     49 |     49 |      0 |      0 |     40 |   1 |   49.0 |
        Bailey |    252 |    252 |      0 |      0 |      0 |   1 |  252.0 |
               +--------+--------+--------+--------+--------+-----+--------+

Top non-repeatable levels by time:
     D:7: 1405 daAuts
     D:2: 1154 daAuts
    D:10: 1146 daAuts
     D:6: 1085 daAuts
     D:9: 1011 daAuts
     D:3: 944 daAuts
     D:5: 925 daAuts
     D:1: 860 daAuts
     D:8: 858 daAuts
     D:4: 498 daAuts
  Bailey: 252 daAuts
  Temple: 74 daAuts
 Abyss:2: 49 daAuts
